[Event "Titled Tuesday Blitz March 08 Late 2022"]
[White "Mirzoev, Azer"]
[Black "Bacrot, Etienne"]
[WhiteFideId "13400304"]
[BlackFideId "605506"]
[WhiteElo "2525"]
[BlackElo "2673"]
[Result "0-1"]
[Round "08"]
[TimeControl "180+1"]
[Date "2022.03.08"]
[WhiteClock "0:00:06"]
[BlackClock "0:00:12"]

1. d4 Nf6 2. Nf3 d5 3. Bf4 e6 4. e3 Bd6 5. Bg3 c5 6. Nbd2 O-O 7. c4 cxd4 8. Nxd4 Nc6 9. Nxc6 bxc6 10. Be2 Rb8 11. Qc2 e5 12. O-O Qe7 13. Rfd1 h6 14. Rac1 Be6 15. b3 Rfd8 16. h3 e4 17. Nf1 Nh7 18. cxd5 cxd5 19. Bxd6 Qxd6 20. Qc7 Qa3 21. Qc2 Ng5 22. Ng3 g6 23. Qd2 Rdc8 24. Bg4 f5 25. Be2 Nf7 26. Bf1 a5 27. Ne2 Ne5 28. Nf4 Bf7 29. Rxc8+ Rxc8 30. Nxd5 Kf8 31. Nb6 Rb8 32. Qd4 Re8 33. Nc4 Bxc4 34. bxc4 Qe7 35. c5 Rc8 36. Rc1 h5 37. a4 Rd8 38. Qc3 Qc7 39. c6 Kg7 40. Bb5 Kh6 41. Qc5 h4 42. Qc3 Kg5 43. Qc2 Rd5 44. Rd1 Nd3 45. f4+ Kh6 46. Qc3 Kh7 47. Bc4 Rc5 48. Qd4 Rxc6 49. Bxd3 Rd6 50. Qe5 exd3 51. Kh2 Qd7 52. e4 fxe4 53. Qxe4 Rd4 54. Qe5 d2 55. Qf6 Rd6 56. Qxh4+ Kg7 57. Qf2 Rd3 58. Qe2 Rd4 59. Qe5+ Kh7 60. Qe3 Kg7 61. Qe5+ Kh7 62. Qe3 Rd3 63. Qe2 Rd5 64. Qe4 Qd6 65. Qe3 Rd3 66. Qe5 Qxe5 67. fxe5 Kg7 68. h4 Kf7 69. g4 Ke6 70. h5 gxh5 71. gxh5 Kxe5 72. h6 Ke4 73. h7 Rd8 74. Rxd2 Rxd2+ 75. Kg3 Rd8 76. Kg4 Rh8 0-1


[Site "https://www.chess.com"]

[Event "Titled Tuesday Blitz March 08 Late 2022"]
[White "Miszler, Levente"]
[Black "Khabinets, Ivan"]
[WhiteFideId "763276"]
[BlackFideId "14115980"]
[WhiteElo "1966"]
[BlackElo "2114"]
[Result "0-1"]
[Round "08"]
[TimeControl "180+1"]
[Date "2022.03.09"]
[WhiteClock "0:01:32"]
[BlackClock "0:01:29"]

1. Nf3 c6 2. g3 Nf6 3. Bg2 d5 4. O-O Bg4 5. h3 Bxf3 6. Bxf3 e5 7. d3 Bd6 8. Nd2 O-O 9. e4 d4 10. Bg2 c5 11. f4 Nc6 12. f5 b5 13. g4 Nd7 14. Nf3 f6 15. g5 c4 16. Qe1 Nb4 17. Qh4 Nxc2 18. g6 h6 19. a4 cxd3 20. axb5 Ne3 21. Re1 Nb6 22. Kh2 Qd7 23. Bxe3 dxe3 24. Rxe3 Bc5 25. Ree1 Qxb5 26. Red1 Rfd8 27. Qe1 Qxb2 28. Qa5 Be3 29. Rab1 Bf4+ 30. Kh1 Qc2 31. Ne1 Qc4 32. Rb4 Qc3 33. Rb5 Qxa5 34. Rxa5 Nc4 35. Rc5 Nb2 36. Rb1 d2 0-1


[Site "https://www.chess.com"]

[Event "Titled Tuesday Blitz March 08 Late 2022"]
[White "Mkrtchyan, Mariam"]
[Black "Chiu, Isaac"]
[WhiteFideId "13310828"]
[BlackFideId "30900654"]
[WhiteElo "1984"]
[BlackElo "2117"]
[Result "0-1"]
[Round "08"]
[TimeControl "180+1"]
[Date "2022.03.09"]
[WhiteClock "0:00:06"]
[BlackClock "0:00:17"]

1. Nf3 g5 2. Nxg5 e5 3. d3 d5 4. e4 c6 5. Qh5 Qf6 6. Be2 Ne7 7. Nf3 Ng6 8. Bg5 Qd6 9. c3 Nd7 10. Na3 Nc5 11. O-O-O Ne6 12. g3 Ng7 13. Qh6 Bg4 14. d4 Ne6 15. dxe5 Bxh6 16. exd6 Nxg5 17. Nxg5 Bxg5+ 18. f4 Bxe2 19. Rde1 Nxf4 20. gxf4 Bxf4+ 21. Kc2 Bh5 22. exd5+ Kd8 23. dxc6 Bg6+ 24. Kb3 bxc6 25. Nc4 Rb8+ 26. Ka3 Re8 27. Rxe8+ Kxe8 28. Rf1 Bxh2 29. Rf2 Bg3 30. Rf3 Bh4 31. b4 Kd7 32. Rf4 Bg5 33. Rd4 Bc1+ 34. Ka4 Rb5 35. Kb3 Bf5 36. a4 Rb8 37. Ne5+ Kc8 38. d7+ Kc7 39. Nxf7 Be6+ 40. c4 Bxf7 0-1


[Site "https://www.chess.com"]

[Event "Titled Tuesday Blitz March 08 Late 2022"]
[White "Nakamura, Hikaru"]
[Black "Svane, Rasmus"]
[WhiteFideId "2016192"]
[BlackFideId "4657101"]
[WhiteElo "2850"]
[BlackElo "2645"]
[Result "1-0"]
[Round "08"]
[TimeControl "180+1"]
[Date "2022.03.08"]
[WhiteClock "0:00:29"]
[BlackClock "0:00:06"]

1. Nf3 d5 2. b3 Bg4 3. e3 Nf6 4. h3 Bf5 5. Bb2 h6 6. g4 Bh7 7. Bg2 e6 8. d3 Nbd7 9. Nbd2 c6 10. a3 Bd6 11. Qe2 Qc7 12. O-O O-O 13. e4 dxe4 14. dxe4 e5 15. Rad1 Rfe8 16. Rfe1 Bf8 17. b4 a5 18. c3 Be7 19. Qe3 Nf8 20. c4 Ng6 21. c5 axb4 22. axb4 Nd7 23. Nc4 Bf6 24. Nd6 Red8 25. Bf1 b5 26. Bd3 Nf4 27. Bc2 Nxh3+ 28. Kh2 Ng5 29. Bb3 Nxf3+ 30. Qxf3 Bg6 31. Nf5 Bg5 32. Rd6 Nf8 33. Bxe5 Bxf5 34. gxf5 Qe7 35. Bg3 Bd2 36. Rg1 Nh7 37. e5 Bxb4 38. f6 Qf8 39. fxg7 Qxg7 40. Bh4 Ng5 41. Bxg5 hxg5 42. Bxf7+ Qxf7 43. Rxg5+ Kf8 44. Rf6 Ra7 45. e6 1-0


[Site "https://www.chess.com"]

[Event "Titled Tuesday Blitz March 08 Late 2022"]
[White "Nayem, Haque"]
[Black "Prohorov, Olexandr"]
[WhiteFideId "10217754"]
[BlackFideId "14105578"]
[WhiteElo "1982"]
[BlackElo "1993"]
[Result "1-0"]
[Round "08"]
[TimeControl "180+1"]
[Date "2022.03.09"]
[WhiteClock "0:02:15"]
[BlackClock "0:01:06"]

1. e4 c5 2. Nf3 e6 3. Nc3 Nc6 4. d4 cxd4 5. Nxd4 Nf6 6. Nxc6 bxc6 7. e5 Nd5 8. Ne4 Qa5+ 9. c3 Rb8 10. f4 Be7 11. Bd3 Ba6 12. O-O f5 13. exf6 gxf6 14. a3 f5 15. Qh5+ Kd8 16. Bxa6 Qxa6 17. Ng5 Bxg5 18. Qxg5+ Kc7 19. Bd2 Rhg8 20. Qh4 Rxb2 21. Qe1 Qd3 22. Rf2 h5 23. Rc1 h4 24. c4 Rxd2 25. Rxd2 Qe3+ 26. Qxe3 Nxe3 27. h3 Rg3 28. Rc3 d5 29. Rdd3 Rxg2+ 30. Kh1 d4 31. Rxe3 dxe3 32. Kxg2 1-0


[Site "https://www.chess.com"]

[Event "Titled Tuesday Blitz March 08 Late 2022"]
[White "Papasimakopoulos, Alexandros"]
[Black "Moksh Amit Doshi"]
[WhiteFideId "4244125"]
[BlackFideId "25064967"]
[WhiteElo "2340"]
[BlackElo "2245"]
[Result "1-0"]
[Round "08"]
[TimeControl "180+1"]
[Date "2022.03.08"]
[WhiteClock "0:02:30"]
[BlackClock "0:01:47"]

1. d4 Nf6 2. c4 e6 3. Nc3 Bb4 4. Qc2 O-O 5. a3 Bxc3+ 6. Qxc3 d5 7. Nf3 dxc4 8. Qxc4 b6 9. Bg5 Ba6 10. Qa4 h6 11. Bh4 Qd7 12. Qc2 c5 13. Bxf6 gxf6 14. dxc5 Rc8 15. Qe4 Qb5 16. b4 bxc5 17. e3 Qb7 18. Qg4+ Kf8 19. Bxa6 Nxa6 20. O-O cxb4 21. Rfb1 Rc3 22. axb4 Rac8 23. b5 Nc7 24. Qb4+ 1-0


[Site "https://www.chess.com"]

[Event "Titled Tuesday Blitz March 08 Late 2022"]
[White "Paravyan, David"]
[Black "Dubov, Daniil"]
[WhiteFideId "4194985"]
[BlackFideId "24126055"]
[WhiteElo "2569"]
[BlackElo "2791"]
[Result "0-1"]
[Round "08"]
[TimeControl "180+1"]
[Date "2022.03.08"]
[WhiteClock "0:00:04"]
[BlackClock "0:00:03"]

1. e4 c5 2. Nf3 e6 3. a4 Nc6 4. Nc3 Nf6 5. Bb5 Qc7 6. O-O Nd4 7. Re1 a6 8. Bf1 Ng4 9. g3 Nxf3+ 10. Qxf3 Ne5 11. Qe2 Be7 12. Bg2 O-O 13. d3 b6 14. Be3 Bb7 15. d4 cxd4 16. Bxd4 Rac8 17. Rad1 Nc4 18. b3 Na3 19. Rd3 e5 20. Be3 Bb4 21. Ra1 Bxc3 22. Rxa3 a5 23. Rd1 Rfd8 24. Ra2 Qc6 25. Qb5 Qg6 26. Bxb6 Re8 27. Bxa5 Bc6 28. Qb6 Rb8 29. Qc5 Bd4 30. Qa3 Bxe4 31. c3 Bxg2 32. Kxg2 Bxc3 33. Bxc3 Qc6+ 34. Kg1 Qxc3 35. Rb1 Rb4 36. a5 Reb8 37. a6 Rxb3 38. Rxb3 Rxb3 39. a7 Qe1+ 40. Kg2 Qe4+ 41. Kh3 Qf5+ 42. Kg2 Qf3+ 43. Kh3 Qh5+ 44. Kg2 Qf3+ 45. Kh3 Rxa3 46. Rb2 Qf5+ 0-1


[Site "https://www.chess.com"]

[Event "Titled Tuesday Blitz March 08 Late 2022"]
[White "Pichot, Alan"]
[Black "Suarez Uriel, Adrian"]
[WhiteFideId "110973"]
[BlackFideId "22230874"]
[WhiteElo "2579"]
[BlackElo "2316"]
[Result "1-0"]
[Round "08"]
[TimeControl "180+1"]
[Date "2022.03.08"]
[WhiteClock "0:00:04"]
[BlackClock "0:00:03"]

1. e4 c5 2. Nf3 Nc6 3. Bb5 g6 4. O-O Bg7 5. Bxc6 dxc6 6. d3 b6 7. Nc3 e5 8. a3 Ne7 9. b4 cxb4 10. axb4 O-O 11. Bg5 h6 12. Bh4 Qc7 13. Bg3 f5 14. exf5 gxf5 15. h3 Ng6 16. Re1 Bb7 17. d4 f4 18. Bh2 exd4 19. Ne4 c5 20. bxc5 bxc5 21. Qd3 c4 22. Qa3 Rae8 23. Qd6 Qc6 24. Qxc6 Bxc6 25. Ned2 Bd5 26. Rxe8 Rxe8 27. Ra5 Bxf3 28. Nxf3 c3 29. h4 Re2 30. h5 Rxc2 31. Ra1 d3 32. hxg6 d2 33. Bxf4 a5 34. g3 a4 35. Kg2 a3 36. Rxa3 d1=Q 37. Ra8+ Bf8 38. Bxh6 Qd6 39. g7 Kh7 40. gxf8=Q Qxf8 41. Bxf8 Re2 42. Rc8 c2 43. Nd4 Rd2 44. Nxc2 1-0


[Site "https://www.chess.com"]

[Event "Titled Tuesday Blitz March 08 Late 2022"]
[White "Piesik, Piotr"]
[Black "Ishbaev, Alibek"]
[WhiteFideId "1136194"]
[BlackFideId "14205017"]
[WhiteElo "2190"]
[BlackElo "2360"]
[Result "1-0"]
[Round "08"]
[TimeControl "180+1"]
[Date "2022.03.09"]
[WhiteClock "0:00:44"]
[BlackClock "0:01:28"]

1. Nf3 c5 2. g3 Nc6 3. Bg2 e5 4. O-O g6 5. c4 Bg7 6. Nc3 Nge7 7. Ne1 O-O 8. Nc2 d6 9. Ne3 Be6 10. Ned5 Qd7 11. d3 Bh3 12. Rb1 Bxg2 13. Kxg2 Nxd5 14. Nxd5 Ne7 15. Nxe7+ Qxe7 16. b4 b6 17. Qa4 e4 18. Bf4 Rad8 19. Rbd1 Bc3 20. a3 d5 21. bxc5 Qxc5 22. cxd5 exd3 23. Rxd3 Rxd5 24. Rfd1 Rxd3 25. Rxd3 Bf6 26. Bd6 Qf5 27. Bxf8 Kxf8 28. Qxa7 Qe4+ 29. Rf3 Kg7 30. Qxb6 Bd4 31. Qc7 Bf6 32. Qf4 1-0


[Site "https://www.chess.com"]

[Event "Titled Tuesday Blitz March 08 Late 2022"]
[White "Praggnanandhaa R"]
[Black "Indjic, Aleksandar"]
[WhiteFideId "25059530"]
[BlackFideId "911925"]
[WhiteElo "2599"]
[BlackElo "2616"]
[Result "1-0"]
[Round "08"]
[TimeControl "180+1"]
[Date "2022.03.08"]
[WhiteClock "0:00:11"]
[BlackClock "0:00:13"]

1. Nc3 d5 2. d3 d4 3. Ne4 Nf6 4. Nf3 c5 5. Ned2 Nc6 6. g3 e5 7. Bg2 Bd6 8. O-O h6 9. e4 Be6 10. Nh4 g6 11. Nc4 Bc7 12. c3 b5 13. Na3 a6 14. c4 Rb8 15. Qe2 Nb4 16. b3 Nd7 17. Bd2 Nc6 18. Be1 bxc4 19. Nxc4 Bxc4 20. bxc4 Ba5 21. Bh3 Nf6 22. Bxa5 Nxa5 23. f4 Nc6 24. Rf2 Rb6 25. Raf1 O-O 26. Qd2 Kg7 27. Nf3 Qe7 28. a4 Nh7 29. a5 Rb7 30. Nh4 Rfb8 31. f5 Qg5 32. Qd1 Rb2 33. fxg6 Rxf2 34. Rxf2 fxg6 35. Be6 Nf6 36. Bd5 Ne7 37. Nf3 Qe3 38. Nxe5 Rb2 39. Qf3 Qxf3 40. Nxf3 Rb3 41. Ne5 h5 42. h3 Ra3 43. g4 hxg4 44. hxg4 g5 45. Rb2 Rxa5 46. Rb7 Kf8 47. Be6 Ra1+ 48. Kf2 a5 49. Rb8+ Kg7 50. Rb7 Kf8 51. Rc7 a4 52. Rxc5 a3 53. Ra5 a2 54. Kg2 Kg7 55. Ra7 Kf8 56. c5 Ne8 57. Rxa2 Rxa2+ 58. Bxa2 Nc7 59. Bc4 Kg7 60. Nd7 Nc6 61. e5 Nd8 62. Kf3 Nde6 63. Ke4 Nf4 64. Kxd4 Kg6 65. Ke4 Kg7 66. d4 1-0


[Site "https://www.chess.com"]

[Event "Titled Tuesday Blitz March 08 Late 2022"]
[White "Przybylski, Wojciech"]
[Black "Bibasa, Bob"]
[WhiteFideId "1117599"]
[BlackFideId "10000240"]
[WhiteElo "2133"]
[BlackElo "2056"]
[Result "0-1"]
[Round "08"]
[TimeControl "180+1"]
[Date "2022.03.09"]
[WhiteClock "0:00:06"]
[BlackClock "0:00:21"]

1. d4 Nf6 2. c4 e6 3. Nf3 b6 4. g3 Bb7 5. Bg2 Bb4+ 6. Nbd2 O-O 7. O-O d6 8. Nb1 d5 9. a3 Be7 10. b3 Nbd7 11. Bb2 c6 12. Nbd2 Qc7 13. Qc2 c5 14. cxd5 Bxd5 15. e4 Bb7 16. Rac1 Rac8 17. Rfd1 Qb8 18. d5 exd5 19. e5 Ne8 20. Bh3 Qc7 21. e6 fxe6 22. Bxe6+ Kh8 23. Bf5 Nef6 24. Ng5 h6 25. Ne6 Qd6 26. Nc4 Qb8 27. Nxf8 Rxf8 28. Qe2 Re8 29. Ne5 Nxe5 30. Bxe5 Bd6 31. Bxd6 Qxd6 32. Qb5 Re5 33. Bh3 d4 34. Bg2 Bxg2 35. Kxg2 Qd5+ 36. Kg1 Ne4 37. Qd3 Ng5 38. h4 Nf3+ 39. Kf1 Nxh4 40. f3 Nxf3 41. Kf2 Nh2 42. Rg1 Ng4+ 43. Kf1 Re3 44. Qd1 Qf5+ 45. Kg2 Qf2+ 46. Kh3 h5 47. Rg2 Rxg3+ 48. Kh4 Rxg2+ 49. Kg5 Qf6+ 50. Kxh5 Qh6# 0-1


[Site "https://www.chess.com"]

[Event "Titled Tuesday Blitz March 08 Late 2022"]
[White "Romero Ruscalleda, Josep"]
[Black "Silva, Miguel Antonio Neto"]
[WhiteFideId "2231859"]
[BlackFideId "1911929"]
[WhiteElo "2332"]
[BlackElo "2204"]
[Result "1-0"]
[Round "08"]
[TimeControl "180+1"]
[Date "2022.03.09"]
[WhiteClock "0:00:56"]
[BlackClock "0:00:40"]

1. e4 c5 2. c3 d5 3. exd5 Qxd5 4. d4 Nc6 5. Be3 Bf5 6. Nf3 cxd4 7. cxd4 Bxb1 8. Rxb1 Nf6 9. Bd3 e6 10. O-O Bd6 11. a3 O-O 12. b4 Rac8 13. Qe2 Qh5 14. h3 Rfd8 15. Rfc1 Ne7 16. Bg5 Ned5 17. Qd2 h6 18. Be3 Nxe3 19. fxe3 Rxc1+ 20. Rxc1 e5 21. dxe5 Bxe5 22. Rc5 Nd7 23. Bb5 Qf5 24. Rxe5 Qb1+ 25. Kh2 1-0


[Site "https://www.chess.com"]

[Event "Titled Tuesday Blitz March 08 Late 2022"]
[White "Rudzinska, Michalina"]
[Black "Corallo, Michael"]
[WhiteFideId "1172883"]
[BlackFideId "2024152"]
[WhiteElo "1904"]
[BlackElo "2150"]
[Result "1/2-1/2"]
[Round "08"]
[TimeControl "180+1"]
[Date "2022.03.09"]
[WhiteClock "0:01:15"]
[BlackClock "0:00:17"]

1. e4 e5 2. Nf3 Nc6 3. Nc3 Nf6 4. a4 Bc5 5. Nxe5 O-O 6. Nxc6 dxc6 7. d3 Ng4 8. Be3 Nxe3 9. fxe3 Bxe3 10. Qf3 Qg5 11. h4 Qh6 12. g4 Bd4 13. g5 Qd6 14. Be2 Qb4 15. O-O-O Be6 16. Rdf1 Bxc3 17. bxc3 Qxc3 18. h5 Qa1+ 19. Kd2 Qxa4 20. h6 Qb4+ 21. Kd1 Qb1+ 22. Kd2 Qb4+ 23. Kd1 Qb1+ 24. Kd2 Qb4+ 1/2-1/2


[Site "https://www.chess.com"]

[Event "Titled Tuesday Blitz March 08 Late 2022"]
[White "Salimova, Nurgyul"]
[Black "Manukyan, Sargis A."]
[WhiteFideId "2915138"]
[BlackFideId "13303970"]
[WhiteElo "2185"]
[BlackElo "2187"]
[Result "1-0"]
[Round "08"]
[TimeControl "180+1"]
[Date "2022.03.08"]
[WhiteClock "0:00:36"]
[BlackClock "0:00:06"]

1. e4 c5 2. Nf3 d6 3. d4 cxd4 4. Nxd4 Nf6 5. Nc3 g6 6. Be3 Bg7 7. f3 O-O 8. Qd2 Nc6 9. O-O-O Nxd4 10. Bxd4 Be6 11. h4 Qa5 12. a3 Rab8 13. h5 Rfc8 14. hxg6 hxg6 15. Bd3 b5 16. Qg5 Nh7 17. Rxh7 Bxd4 18. Rdh1 Rxc3 19. Qh6 Be3+ 20. Qxe3 Rxd3 21. Qxd3 Rc8 22. Qd4 Rxc2+ 23. Kxc2 Qc7+ 24. Kb1 f6 25. Rh8+ Kf7 26. R1h7# 1-0


[Site "https://www.chess.com"]

[Event "Titled Tuesday Blitz March 08 Late 2022"]
[White "Salinas Herrera, Pablo"]
[Black "Cardoso Cardoso, Jose Gabriel"]
[WhiteFideId "3407128"]
[BlackFideId "4430492"]
[WhiteElo "2541"]
[BlackElo "2451"]
[Result "1-0"]
[Round "08"]
[TimeControl "180+1"]
[Date "2022.03.08"]
[WhiteClock "0:00:58"]
[BlackClock "0:00:02"]

1. d4 Nf6 2. Nf3 g6 3. Bf4 Bg7 4. e3 d6 5. h3 O-O 6. Be2 b6 7. O-O Bb7 8. Bh2 c5 9. c3 Nbd7 10. a4 a6 11. Re1 Ra7 12. Bf1 Qa8 13. Nbd2 Rc8 14. Qb3 Bd5 15. c4 Bb7 16. d5 b5 17. e4 bxc4 18. Nxc4 Rb8 19. Qc2 Ne8 20. Rab1 Bc8 21. b3 Rb4 22. Na5 Bb7 23. Nd2 Qd8 24. Ndc4 Nb6 25. Nxb7 Rxb7 26. Na5 Rc7 27. Nc6 Rxc6 28. dxc6 Bd4 29. Bxa6 Nc7 30. Bd3 Ne6 31. a5 Nc8 32. a6 Na7 33. Bc4 Nxc6 34. Qa2 Na7 35. Rbd1 Kg7 36. Qa3 Qb6 37. e5 dxe5 38. Bxe5+ Bxe5 39. Rxe5 Nc6 40. Re3 Ned4 41. a7 Nxa7 42. Rxe7 Rxc4 43. bxc4 Nac6 44. Re3 Nb4 45. Qc3 Nc6 46. Qd2 Qd8 47. Qd3 Qf6 48. Qe4 h5 49. Qd5 Nf5 50. Re4 Ncd4 51. Qxc5 Ne6 52. Qe5 Ng5 53. Qxf6+ Kxf6 54. Ree1 Ne6 55. Rd5 Ne7 56. Rd6 Nc8 57. c5 1-0


[Site "https://www.chess.com"]

[Event "Titled Tuesday Blitz March 08 Late 2022"]
[White "Sanal, Vahap"]
[Black "Bortnyk, Olexandr"]
[WhiteFideId "6300545"]
[BlackFideId "14120828"]
[WhiteElo "2603"]
[BlackElo "2723"]
[Result "0-1"]
[Round "08"]
[TimeControl "180+1"]
[Date "2022.03.08"]
[WhiteClock "0:01:26"]
[BlackClock "0:01:10"]

1. d4 d6 2. e4 Nf6 3. Bd3 e5 4. c3 Be7 5. Nf3 Nbd7 6. O-O h6 7. h3 c6 8. Be3 Qc7 9. Nbd2 g5 10. Re1 Nf8 11. Nh2 Ng6 12. Be2 Nf4 13. Bxf4 gxf4 14. Ng4 Nd7 15. Nh2 Rg8 16. Bg4 Nf6 17. Bf5 Bd7 18. dxe5 dxe5 19. Qb3 Rg7 20. Rad1 O-O-O 21. Ng4 Bxf5 22. exf5 Nxg4 23. hxg4 Rxg4 24. Qxf7 Rdg8 25. Nf3 Rxg2+ 26. Kf1 Rxf2+ 0-1


[Site "https://www.chess.com"]

[Event "Titled Tuesday Blitz March 08 Late 2022"]
[White "Senft, Sean"]
[Black "Avazkhonov, Alikhon"]
[WhiteFideId "2044960"]
[BlackFideId "14208504"]
[WhiteElo "1881"]
[BlackElo "1739"]
[Result "1-0"]
[Round "08"]
[TimeControl "180+1"]
[Date "2022.03.09"]
[WhiteClock "0:00:11"]
[BlackClock "0:00:02"]

1. d4 d5 2. c4 e6 3. Nc3 c6 4. cxd5 exd5 5. Nf3 Bd6 6. Qc2 Nf6 7. Bg5 h6 8. Bh4 O-O 9. e3 Re8 10. Bd3 Nbd7 11. O-O-O b5 12. Kb1 a5 13. g4 a4 14. g5 hxg5 15. Nxg5 Qa5 16. Rhg1 b4 17. Nxf7 Kxf7 18. Bg6+ Kf8 19. Bxe8 Nxe8 20. Qf5+ Ndf6 21. Qg6 bxc3 22. Bxf6 gxf6 23. Qh7 Bf5+ 24. Qxf5 Qb4 25. Qc2 Rb8 26. Rg2 Qxb2+ 27. Qxb2 Rxb2+ 28. Ka1 a3 29. Rc1 c2 30. f4 Ke7 31. Rgxc2 Rxc2 32. Rxc2 Kd7 33. h4 Ng7 34. Rg2 Nf5 35. h5 Bf8 36. Rg8 Ke7 37. Kb1 Kf7 38. Rg1 Nxe3 39. Rc1 Nc4 40. Rg1 f5 41. Rg5 Kf6 42. Rg6+ Kf7 43. Rxc6 Nd2+ 44. Kc2 Nf3 45. Kd3 Ne1+ 46. Ke2 Ng2 47. Kf3 Ne1+ 48. Kg3 Nd3 49. Ra6 Nc1 50. h6 Nxa2 51. Ra7+ Kg8 52. Ra8 Nb4 53. h7+ Kxh7 54. Rxf8 a2 55. Ra8 Kg6 56. Kf3 Kf6 57. Ke2 Nc2 58. Rxa2 Nxd4+ 59. Kd3 Ne6 60. Ra6 Kf7 61. Ke3 d4+ 62. Kf3 Nc5 63. Rd6 d3 64. Rd5 Ne4 65. Rxf5+ Ke6 66. Kxe4 d2 67. Rd5 1-0


[Site "https://www.chess.com"]

[Event "Titled Tuesday Blitz March 08 Late 2022"]
[White "Supatashvili, Khvicha"]
[Black "Petrova, Irina"]
[WhiteFideId "13600664"]
[BlackFideId "14124122"]
[WhiteElo "2684"]
[BlackElo "1993"]
[Result "1-0"]
[Round "08"]
[TimeControl "180+1"]
[Date "2022.03.09"]
[WhiteClock "0:00:36"]
[BlackClock "0:00:08"]

1. e4 d6 2. d4 Nf6 3. Bd3 e5 4. c3 d5 5. dxe5 Nxe4 6. Nf3 Nc6 7. Qe2 Nc5 8. Bb5 Bg4 9. Nbd2 Be7 10. h3 Bh5 11. g4 Bg6 12. Nd4 O-O 13. f4 Nxd4 14. cxd4 Be4 15. O-O Ne6 16. Qf2 c6 17. Be2 Bh4 18. Qe3 Qb6 19. Nb3 a5 20. a4 Bc2 21. Nc5 Nxc5 22. dxc5 Qb4 23. Bd2 Qe4 24. Qxe4 Bxe4 25. Be3 Be7 26. f5 f6 27. e6 Rfd8 28. Bd4 b6 29. Rfc1 bxc5 30. Bxc5 Bxc5+ 31. Rxc5 d4 32. Bc4 Kf8 33. Re1 Bf3 34. e7+ 1-0


[Site "https://www.chess.com"]

[Event "Titled Tuesday Blitz March 08 Late 2022"]
[White "Szpar, Milosz"]
[Black "Martin Duque, Jesus"]
[WhiteFideId "1184989"]
[BlackFideId "2208954"]
[WhiteElo "2447"]
[BlackElo "2243"]
[Result "0-1"]
[Round "08"]
[TimeControl "180+1"]
[Date "2022.03.08"]
[WhiteClock "0:02:10"]
[BlackClock "0:01:57"]

1. e4 c5 2. c3 Nf6 3. e5 Nd5 4. d4 cxd4 5. cxd4 e6 6. Nf3 b6 7. Bd2 Bb7 8. Bd3 Be7 9. h4 Na6 10. Nc3 Nac7 11. Qe2 Nxc3 12. Bxc3 Nd5 13. Bd2 Rc8 14. a3 h6 15. g4 d6 16. Kf1 dxe5 17. Nxe5 Nf4 18. Bxf4 Bxh1 19. f3 Qxd4 20. Bb5+ Kf8 21. Nd7+ Kg8 22. Be5 Qd5 23. Rd1 Qxf3+ 24. Qxf3 Bxf3 25. Rd4 Bxh4 26. Rf4 Rc1# 0-1


[Site "https://www.chess.com"]

[Event "Titled Tuesday Blitz March 08 Late 2022"]
[White "Sztokbant, Bernardo Vainzoff"]
[Black "Mikhalsky, Vladimir"]
[WhiteFideId "2115956"]
[BlackFideId "14144352"]
[WhiteElo "2237"]
[BlackElo "2301"]
[Result "0-1"]
[Round "08"]
[TimeControl "180+1"]
[Date "2022.03.09"]
[WhiteClock "0:00:02"]
[BlackClock "0:00:18"]

1. d4 Nf6 2. c4 g6 3. Nf3 Bg7 4. g3 O-O 5. Bg2 d6 6. O-O Nc6 7. Nc3 e5 8. dxe5 dxe5 9. Qxd8 Rxd8 10. Bg5 Re8 11. Rad1 h6 12. Bxf6 Bxf6 13. Nd5 Bd8 14. Nd2 Bg4 15. f3 Be6 16. Ne4 Kg7 17. Nec3 Ne7 18. f4 c6 19. Nxe7 Bb6+ 20. Kh1 Rxe7 21. b3 exf4 22. gxf4 Bg4 23. Bf3 h5 24. Rd3 Rd8 25. Rxd8 Bxd8 26. Rd1 Ba5 27. Ne4 Bxf3+ 28. exf3 Bc7 29. f5 gxf5 30. Rg1+ Kh6 31. Nf6 Re6 32. Nd7 Re2 33. Rg2 Rxg2 34. Kxg2 b6 35. h4 Kg6 36. b4 f6 37. a4 Kf7 38. c5 Ke7 39. cxb6 axb6 40. Nxb6 Bxb6 41. f4 Kd6 42. Kf3 Kd5 43. a5 Ba7 44. Ke2 Kc4 0-1


[Site "https://www.chess.com"]

[Event "Titled Tuesday Blitz March 08 Late 2022"]
[White "Tanenbaum, Zachary"]
[Black "Babazada, Khazar"]
[WhiteFideId "2060850"]
[BlackFideId "13413554"]
[WhiteElo "2168"]
[BlackElo "2418"]
[Result "0-1"]
[Round "08"]
[TimeControl "180+1"]
[Date "2022.03.08"]
[WhiteClock "0:00:02"]
[BlackClock "0:00:26"]

1. e4 Nf6 2. e5 Nd5 3. d4 d6 4. Nf3 Nb6 5. a4 a5 6. Nc3 g6 7. Bd3 Bg7 8. O-O O-O 9. Bf4 Nc6 10. h3 Nxd4 11. Re1 Ne6 12. Bg3 d5 13. Qd2 c5 14. Rad1 Bd7 15. b3 Bc6 16. Bh4 Qc7 17. Ng5 Nxg5 18. Bxg5 Bxe5 19. Rxe5 Qxe5 20. Re1 Qg7 21. Rxe7 Rfe8 22. Qf4 Rxe7 23. Bxe7 Qxc3 24. Bf6 Qe1+ 25. Bf1 Nd7 26. Bg5 Re8 27. Bh6 Qe5 28. Qd2 Qa1 29. Qg5 Qf6 30. Qd2 d4 31. Qxa5 Ne5 32. Qxc5 Nf3+ 33. Kh1 Nd2 34. Bd3 Qxf2 0-1


[Site "https://www.chess.com"]

[Event "Titled Tuesday Blitz March 08 Late 2022"]
[White "Toncheva, Nadya"]
[Black "Petrovic, Aleksa"]
[WhiteFideId "2924056"]
[BlackFideId "967629"]
[WhiteElo "1884"]
[BlackElo "2245"]
[Result "1-0"]
[Round "08"]
[TimeControl "180+1"]
[Date "2022.03.09"]
[WhiteClock "0:00:25"]
[BlackClock "0:00:35"]

1. e4 d6 2. d4 Nf6 3. Nc3 c6 4. a4 e5 5. Nf3 Nbd7 6. h3 Be7 7. Bc4 O-O 8. O-O Nxe4 9. Nxe4 d5 10. Bd3 dxe4 11. Bxe4 Nf6 12. Re1 exd4 13. Qxd4 Qxd4 14. Nxd4 Bc5 15. Nb3 Nxe4 16. Rxe4 Bd6 17. Bf4 Bxf4 18. Rxf4 b6 19. a5 Be6 20. Nd4 Bd7 21. Re4 c5 22. Re7 Rfd8 23. Nb3 Kf8 24. Re3 Be6 25. Rae1 c4 26. Nc1 bxa5 27. Ra3 Rd2 28. Ne2 Rxc2 29. Nd4 Rxb2 30. Nxe6+ fxe6 31. Rxe6 Re8 32. Rf3+ 1-0


[Site "https://www.chess.com"]

[Event "Titled Tuesday Blitz March 08 Late 2022"]
[White "Vakhlamov, Igor L."]
[Black "Hambleton, Aman"]
[WhiteFideId "24126748"]
[BlackFideId "2606577"]
[WhiteElo "2401"]
[BlackElo "2552"]
[Result "1-0"]
[Round "08"]
[TimeControl "180+1"]
[Date "2022.03.08"]
[WhiteClock "0:01:09"]
[BlackClock "0:00:02"]

1. e4 e6 2. d4 d5 3. Nc3 Bb4 4. exd5 exd5 5. Bd3 Nc6 6. Nf3 Nge7 7. O-O Bf5 8. Ne2 O-O 9. Bf4 Bxd3 10. Qxd3 Ng6 11. Bg3 Re8 12. h4 Qe7 13. Nf4 Nxf4 14. Bxf4 h6 15. Qb5 Bd6 16. Rae1 Qd7 17. Qxd5 Nb4 18. Qc4 b5 19. Qb3 Rxe1 20. Rxe1 Nxc2 21. Qxc2 Bxf4 22. Qe4 1-0


[Site "https://www.chess.com"]

[Event "Titled Tuesday Blitz March 08 Late 2022"]
[White "Van Foreest, Jorden"]
[Black "Koellner, Ruben Gideon"]
[WhiteFideId "1039784"]
[BlackFideId "12993093"]
[WhiteElo "2609"]
[BlackElo "2457"]
[Result "1/2-1/2"]
[Round "08"]
[TimeControl "180+1"]
[Date "2022.03.08"]
[WhiteClock "0:00:04"]
[BlackClock "0:00:02"]

1. Nf3 d6 2. d4 Nf6 3. Nc3 Nbd7 4. e4 e5 5. Bc4 Be7 6. a4 c6 7. O-O h6 8. Re1 Qc7 9. a5 Nf8 10. d5 Ng6 11. a6 b5 12. Bb3 b4 13. Ba4 Bd7 14. dxc6 Bxc6 15. Nd5 Nxd5 16. Qxd5 Rc8 17. Bxc6+ Qxc6 18. Qxc6+ Rxc6 19. Be3 O-O 20. Ra4 Rxc2 21. Rxb4 d5 22. Rb7 d4 23. Bd2 Bc5 24. Rc7 d3 25. b4 Bxf2+ 26. Kxf2 Rxc7 27. Ke3 Nf4 28. Rb1 Nxg2+ 29. Kf2 Nf4 30. Nxe5 Ne6 31. b5 Nc5 32. Kf3 Re8 33. Bf4 Ne6 34. Be3 Ng5+ 35. Bxg5 hxg5 36. Nc6 Re6 37. Nd4 Rd6 38. Nf5 Rd8 39. Ne3 d2 40. Rd1 Rc1 41. Ke2 Rxd1 42. Nxd1 Rd4 43. Nc3 Kf8 44. Kd1 Ke7 45. Nd5+ Kd6 46. b6 axb6 47. a7 Ra4 48. Nxb6 Rxa7 49. Nc8+ Ke5 50. Nxa7 Kxe4 51. Ke2 f5 52. Nb5 g4 53. Nc3+ Kf4 54. Kxd2 Kg5 55. Ke3 f4+ 56. Ke4 g3 57. h3 g2 58. Ne2 Kh4 59. Kf3 Kxh3 60. Nxf4+ Kh2 61. Nxg2 g5 62. Ne3 g4+ 63. Nxg4+ 1/2-1/2


[Site "https://www.chess.com"]